 Dungeon Crawl Stone Soup version 0.19-a0-926-g4486784 (webtiles) character file.

983 Yakui the Basher (level 7, -2/64 HPs)
             Began as a Minotaur Fighter on July 6, 2016.
             Slain by an orc warrior
             ... wielding a +0 glaive
              (26 damage)
             ... on level 5 of the Dungeon.
             The game lasted 00:09:48 (4199 turns).

Yakui the Basher (Minotaur Fighter)                 Turns: 4199, Time: 00:09:49

Health: -2/64      AC:  7    Str: 21    XL:     7   Next: 96%
Magic:  6/6        EV: 10    Int:  5    God:
Gold:   178        SH:  0    Dex: 11    Spells: 0 memorised, 6 levels left

rFire  + . .     SeeInvis .     a - +1 flail
rCold  . . .     Gourm    .     b - +0 scale mail
rNeg   + . .     Faith    .     (no shield)
rPois  .         Spirit   .     (helmet restricted)
rElec  .         Dismiss  .     (no cloak)
rCorr  .         Reflect  .     (no gloves)
SustAt .         Harm     .     (no boots)
MR     .....                    (no amulet)
Stlth  ..........               q - ring of protection from fire
                                o - ring of positive energy

@: not resistant to hostile enchantments, extremely unstealthy
A: retaliatory headbutt, horns 2
a: no special abilities


You were on level 5 of the Dungeon.
You were very hungry.

You visited 1 branch of the dungeon, and saw 5 of its levels.

You collected 178 gold pieces.

Inventory:

Hand Weapons
 a - a +1 flail (weapon)
Armour
 b - a +0 scale mail (worn)
 c - a +0 shield
Jewellery
 o - a ring of positive energy (left hand)
 q - a ring of protection from fire (right hand)
Wands
 v - a wand of lightning (3/15)
Scrolls
 e - a scroll of amnesia
 k - 2 scrolls of magic mapping
Potions
 d - 2 potions of resistance
 g - 5 potions of curing
 h - a potion of brilliance
 i - 3 potions of heal wounds
 l - a potion of flight {unknown}
 u - a potion of mutation
 w - a potion of lignification {unknown}
 x - a potion of invisibility
Comestibles
 f - 5 bread rations
 j - 3 meat rations
 p - a beef jerky
 r - 3 fruits


   Skills:
 + Level 6.4 Fighting
 * Level 8.0 Maces & Flails
 + Level 6.0 Armour
 - Level 2.0 Dodging
 - Level 4.0 Shields


You had 6 spell levels left.
You didn't know any spells.

Dungeon Overview and Level Annotations

Branches:
Dungeon (5/15)
 Temple: D:4-7

Altars:
Cheibriados
Uskayaw

Annotations:
D:3 exclusion: downstairs


Innate Abilities, Weirdness & Mutations

You reflexively headbutt those who attack you in melee.
You have a pair of horns on your head.


Message History

You barely miss the orc warrior. You headbutt the orc warrior.
The orc warrior is severely wounded.
The orc warrior hits you with a glaive!
You barely miss the orc warrior.
The orc warrior is severely wounded.
The orc warrior barely misses you.
You hit the orc warrior but do no damage.
The orc warrior is severely wounded.
The orc warrior closely misses you. You furiously retaliate!
You headbutt the orc warrior, but do no damage.
You hit the orc warrior.
The orc warrior is severely wounded.
You hit the orc warrior but do no damage.
Your headbutt misses the orc warrior.
The orc warrior is severely wounded.
The orc warrior hits you with a glaive!
You hit the orc warrior.
The orc warrior is almost dead.
The orc warrior hits you with a glaive!!
You die...

.........##.#,,,#.#
.........##.#,*,#)#
.........##.#,*,#.#
....(....##.#,*,#.#
.........##.#,*<#.#
.........##.#,**#.#
.........##.#.,,#.#
.........##.##.##.#
.............#.o@.#
.........##.)######
.........##..##########
.........##...........#
######.#.##.#########.#
#.#..#.# #.# #.##.#.#
#.# #.##.#.# #.#
######.##.#.# #.#


You could see an orc warrior.

Vanquished Creatures
  A sky beast (D:5)
  A phantom (D:5)
  An ogre (D:4)
  2 centaurs
  A water moccasin zombie (D:5)
  3 scorpions
  A howler monkey (D:4)
  4 iguanas
  3 worker ants (D:5)
  A worker ant zombie (D:5)
  7 adders
  An ooze (D:4)
  An adder zombie (D:5)
  An adder skeleton (D:5)
  3 dart slugs
  A giant gecko (D:4)
  4 orcs (D:5)
  6 giant cockroaches
  7 goblins
  8 hobgoblins
  4 jackals (D:4)
  A quokka (D:3)
  2 bats
  4 giant newts
  2 kobolds
  A quokka skeleton (D:4)
  3 rats
74 creatures vanquished.

Notes
Turn   | Place    | Note
-------+----------+-------------------------------------------
     0 | D:1      | Yakui the Minotaur Fighter began the quest for the Orb.
     0 | D:1      | Reached XP level 1. HP: 19/19 MP: 0/0
   134 | D:1      | Reached XP level 2. HP: 27/27 MP: 1/1
   608 | D:2      | Noticed a hand axe
   608 | D:2      | Noticed a hand axe
   648 | D:2      | Found a hide-covered altar of Uskayaw.
   666 | D:2      | Reached XP level 3. HP: 25/33 MP: 2/2
   840 | D:2      | Reached skill level 3 in Maces & Flails
   840 | D:2      | Reached skill level 1 in Dodging
  1008 | D:2      | Reached XP level 4. HP: 40/40 MP: 3/3
  1322 | D:3      | Reached skill level 4 in Maces & Flails
  1595 | D:3      | Reached XP level 5. HP: 43/47 MP: 4/4
  2273 | D:4      | Noticed a centaur
  2281 | D:4      | Killed a centaur
  2281 | D:4      | Reached skill level 5 in Maces & Flails
  2504 | D:4      | Noticed an ogre
  2703 | D:4      | Killed an ogre
  2703 | D:4      | Reached skill level 5 in Fighting
  2703 | D:4      | Reached XP level 6. HP: 56/56 MP: 5/5
  2714 | D:4      | Found a snail-covered altar of Cheibriados.
  2877 | D:4      | Got a faintly glowing hand axe
  2878 | D:4      | Identified the +0 hand axe "Totupaof" {holy, rF++ rN+ Stlth+} (You found it on level 4 of the Dungeon)
  2923 | D:4      | Reached skill level 6 in Maces & Flails
  2998 | D:5      | Entered Level 5 of the Dungeon
  3034 | D:5      | Reached skill level 5 in Armour
  3040 | D:5      | Reached XP level 7. HP: 22/61 MP: 6/6
  3321 | D:5      | Reached skill level 7 in Maces & Flails
  4025 | D:5      | Reached skill level 8 in Maces & Flails
  4199 | D:5      | Slain by an orc warrior

Vault maps used:
D:1:      co_arrival_random_square_maze
D:2:      dancing_weapons_uskayaw, first_bread
D:4:      grunt_ministairs_15, kennysheep_slug_shrine
D:5:      abandoned_shop

Skill      XL: |  1  2  3  4  5  6  7 |
---------------+----------------------+-----
Shields        | 4 |  4.0
Armour         | 4 5 6 |  6.0
Fighting       | 4 5 6 |  6.4
Maces & Flails | 3 4 5 6 8 |  8.0
Dodging        | 1 2 |  2.0

Action                   |  1- 3 |  4- 6 |  7- 9 || total
-------------------------+-------+-------+-------++-------
Melee: Flail             |    66 |    92 |    73 ||   231
       Headbutt          |     7 |    16 |    13 ||    36
  Use: Potion            |       |     2 |       ||     2
       Scroll            |       |     4 |     8 ||    12
  Eat: Chunk             |       |     7 |     2 ||     9
Armor: Scale mail        |    39 |    41 |    27 ||   107
Dodge: Dodged            |    33 |    42 |    29 ||   104
